Stars vs Coyotes
Created - 8 décembre 2014 at 19:07
Goals
|
| Stars |
0 |
0 |
0 |
0 |
| Coyotes |
3 |
1 |
1 |
5 |
|
Shots
|
| Stars |
1 |
15 |
11 |
27 |
| Coyotes |
7 |
14 |
10 |
31 |
|
1st period
1. Coyotes , Sami Kapanen 4 (Anton Stralman, Ryan Miller) at 2:44
2. Coyotes , Marian Gaborik 16 (Tim Connolly, Erik Christensen) at 7:39
3. Coyotes , Frans Nielsen 14 (Anton Stralman, Drew Miller) at 9:56
Penalties :
Erik Christensen (Ari) for Interference (Minor) at 5:23, Alexei Morozov (Dal) for Hooking (Minor) at 10:09, Alexei Morozov (Dal) for Roughing (Minor) at 17:15, Shane Doan (Dal) for Hooking (Minor) at 19:27
2nd period
4. Coyotes , Marian Gaborik 17 (Tyler Ennis, Tim Connolly) at 10:24
Penalties :
Brian Rafalski (Ari) for Fighting (Major) at 16:57, Randy Jones (Dal) for Fighting (Major) at 16:57, Brian Rafalski (Ari) for instigated a fight (Minor) at 16:57, Brian Rafalski (Ari) for instigated a fight (10 Minutes Misconduct) at 16:57
3rd period
5. Coyotes , Erik Cole 7 (Chad Larose) at 8:34
Penalties :
Erik Cole (Ari) for Tripping (Minor) at 8:55, Jan Hlavac (Dal) for Hooking (Minor) at 11:39
Goalie Stats
Pascal Leclaire (Dal), 11 saves from 15 shots - (0,733), L, 9-11-2, 30:24 minutes
Patrick Lalime (Dal), 15 saves from 16 shots - (0,938), 29:36 minutes
Ryan Miller (Ari), 27 saves from 27 shots - (1,000), W, 16-5-5, 60:00 minutes
Players Stats for Stars
Player Name G A P +/- PIM S H SB GA TA FO MP PP MP PK MP
------------------------------------------------------------------------------------
Alexei Morozov 0 0 0 0 4 2 0 0 0 0 3/3 19:06 2:59 2:13
Brendan Bell 0 0 0 0 0 1 2 1 0 0 0/0 12:16 0:28 0:00
Bryan Berard 0 0 0 -1 0 3 1 2 2 0 0/0 21:24 2:45 3:08
Daniel Sedin 0 0 0 0 0 3 2 2 0 0 0/2 19:35 2:59 3:22
Éric Belanger 0 0 0 -1 0 1 1 0 0 0 2/3 9:07 0:00 2:48
Evgeny Artyukhin 0 0 0 -1 0 1 3 0 0 2 0/0 11:53 0:00 0:00
Filip Novak 0 0 0 0 0 0 0 0 0 0 0/0 12:17 0:24 0:00
Henrik Sedin 0 0 0 -1 0 1 1 0 0 0 18/35 24:45 2:59 3:47
Jan Hlavac 0 0 0 -1 2 0 1 0 0 0 0/0 7:26 0:00 1:07
John Tavares 0 0 0 -1 0 4 1 0 1 0 4/8 13:46 0:00 1:28
Kurtis Foster 0 0 0 -4 0 1 2 1 0 0 0/0 27:47 3:12 4:48
Marty Reasoner 0 0 0 0 0 0 0 0 0 0 0/0 0:00 0:00 0:00
Milan Michalek 0 0 0 -3 0 2 2 1 0 0 0/0 17:47 2:58 0:09
Pavel Kubina 0 0 0 -4 0 3 0 2 0 2 0/0 27:47 3:12 4:48
Randy Jones 0 0 0 -1 5 0 0 2 0 0 0/0 18:28 1:53 3:08
Sean Avery 0 0 0 -1 0 1 2 0 0 0 0/0 12:21 0:00 0:00
Shane Doan 0 0 0 -3 2 3 2 0 0 0 0/1 18:36 2:58 0:58
Tomas Plekanec 0 0 0 -3 0 1 2 0 0 0 5/9 17:38 2:58 0:00
Players Stats for Coyotes
Player Name G A P +/- PIM S H SB GA TA FO MP PP MP PK MP
------------------------------------------------------------------------------------
Andy Sutton 0 0 0 2 0 1 1 0 0 0 0/0 16:45 0:00 2:17
Anton Stralman 0 2 2 2 0 2 3 1 1 0 0/0 19:46 4:16 0:00
Boyd Devereaux 0 0 0 1 0 2 1 1 0 0 3/8 13:12 0:01 2:45
Brian Rafalski 0 0 0 2 17 2 0 1 0 1 0/0 14:09 3:40 0:00
Chad Larose 0 1 1 1 0 1 2 0 0 0 0/0 13:37 0:10 2:53
Chris Stewart 0 0 0 2 0 0 0 1 0 0 0/2 17:28 3:29 0:00
Denis Grebeshkov 0 0 0 1 0 3 4 2 0 1 0/0 25:35 4:16 2:17
Drew Miller 0 1 1 2 0 0 3 1 1 1 4/5 17:22 0:03 3:00
Erik Christensen 0 1 1 0 2 1 1 0 0 0 1/3 10:37 3:29 0:25
Erik Cole 1 0 1 1 2 5 1 1 0 0 0/1 11:54 0:00 1:30
Frans Nielsen 1 0 1 2 0 2 0 0 0 0 12/24 17:21 3:29 0:00
Jiri Fischer 0 0 0 2 0 0 0 1 0 0 0/0 16:35 0:00 3:40
Kurt Sauer 0 0 0 1 0 0 1 0 0 0 0/0 22:44 0:00 3:40
Marian Gaborik 2 0 2 2 0 3 0 0 0 0 1/1 19:36 4:17 0:00
Sami Kapanen 1 0 1 0 0 3 1 0 0 0 1/1 10:20 3:40 0:00
Shawn Thornton 0 0 0 0 0 0 1 0 0 0 0/1 8:00 0:00 1:21
Tim Connolly 0 2 2 2 0 3 1 0 2 0 7/15 19:32 4:26 0:00
Tyler Ennis 0 1 1 2 0 3 1 0 0 0 0/0 19:27 4:24 0:00
3 Stars
1 - Ryan Miller (Ari)
2 - Marian Gaborik (Ari)
3 - Anton Stralman (Ari)
Power Play
Stars - 0 on 3 Attempt(s) - 0,00%
Coyotes - 0 on 4 Attempt(s) - 0,00%
Penalty Kill
Stars - 4 on 4 Attempt(s) - 100,00%
- Score 0 goal in Penalty Kill
Coyotes - 3 on 3 Attempt(s) - 100,00%
- Score 0 goal in Penalty Kill
Official
Referees : Devorski Paul and StPierre Justin
Linesman : Mark Pare and Scott Cherrey
Game Notes
Patrick Lalime enters game at 10:24 of 2nd period
Randy Jones beats up Brian Rafalski at 16:57 of 2nd period
Finance
Level 1 -- Attendance: 5045 (84,08%) -- Ticket Income 454 050 $
Level 2 -- Attendance: 4862 (97,24%) -- Ticket Income 243 100 $
Level 3 -- Attendance: 1916 (95,80%) -- Ticket Income 57 480 $
Level 4 -- Attendance: 3856 (96,40%) -- Ticket Income 77 120 $
Luxury Box -- Attendance: 932 (93,20%) -- Ticket Income 150 984 $
Game was played at the The Pack Center
Total Attendance: 16611 (92,28%)
Total Ticket Income: 982 734 $
Other Income: 147 410 $
Total Income: 1 130 144 $
Stars
5 vs 5 Forward
Center Left Wing Right Wing Time % Phy DF OF
1 Henrik Sedin Daniel Sedin Alexei Morozov 40 1 2 2
2 Tomas Plekanec Milan Michalek Shane Doan 30 1 2 2
3 John Tavares Sean Avery Evgeny Artyukhin 20 1 2 2
4 Éric Belanger Jan Hlavac Henrik Sedin 10 1 2 2
5 vs 5 Defense
Defense Defense Time % Phy DF OF
1 Pavel Kubina Kurtis Foster 40 1 2 2
2 Randy Jones Bryan Berard 30 1 2 2
3 Filip Novak Brendan Bell 20 1 2 2
4 Pavel Kubina Kurtis Foster 10 1 2 2
PowerPlay Forward
Center Left Wing Right Wing Time % Phy DF OF
1 Henrik Sedin Daniel Sedin Alexei Morozov 60 1 2 2
2 Tomas Plekanec Milan Michalek Shane Doan 40 1 2 2
PowerPlay Defense
Defense Defense Time % Phy DF OF
1 Pavel Kubina Kurtis Foster 60 1 2 2
2 Randy Jones Bryan Berard 40 1 2 2
Penalty Kill 4 Players Forward
Center Wing Time % Phy DF OF
1 Henrik Sedin Alexei Morozov 60 1 2 2
2 Shane Doan Daniel Sedin 40 1 2 2
Penalty Kill 4 Players Defense
Defense Defense Time % Phy DF OF
1 Pavel Kubina Kurtis Foster 60 1 2 2
2 Randy Jones Bryan Berard 40 1 2 2
Penalty Kill - 3 Players Forward
Forward Time % Phy DF OF
1 Henrik Sedin 60 1 2 2
2 Alexei Morozov 40 1 2 2
Penalty Kill - 3 Players Defense
Defense Defense Time % Phy DF OF
1 Pavel Kubina Kurtis Foster 60 1 2 2
2 Randy Jones Bryan Berard 40 1 2 2
4 vs 4 Forward
Center Wing Time % Phy DF OF
1 Henrik Sedin Alexei Morozov 60 1 2 2
2 Shane Doan Daniel Sedin 40 1 2 2
4 vs 4 Defense
Defense Defense Time % Phy DF OF
1 Pavel Kubina Kurtis Foster 60 1 2 2
2 Randy Jones Bryan Berard 40 1 2 2
Last Minutes Offensive
Center Left Wing Right Wing Defense Defense
Henrik Sedin Daniel Sedin Alexei Morozov Pavel Kubina Kurtis Foster
Last Minutes Defensive
Center Left Wing Right Wing Defense Defense
Henrik Sedin Daniel Sedin Alexei Morozov Pavel Kubina Kurtis Foster
Goaltenders
Starting : Pascal Leclaire
Backup : Patrick Lalime
Extra Forwards
Normal : John Tavares, Sean Avery, Éric Belanger - PP : John Tavares, Sean Avery - PK : Éric Belanger
Extra Defensemen
Normal : Filip Novak, Brendan Bell, Randy Jones - PP : Filip Novak - PK : Brendan Bell, Randy Jones
Penalty Shots
Henrik Sedin, Alexei Morozov, Shane Doan, Daniel Sedin, Tomas Plekanec
Coyotes
5 vs 5 Forward
Center Left Wing Right Wing Time % Phy DF OF
1 Tim Connolly Tyler Ennis Marian Gaborik 32 0 1 0
2 Frans Nielsen Drew Miller Chris Stewart 30 0 2 3
3 Boyd Devereaux Erik Cole Chad Larose 22 2 2 1
4 Erik Christensen Shawn Thornton Sami Kapanen 16 2 1 2
5 vs 5 Defense
Defense Defense Time % Phy DF OF
1 Denis Grebeshkov Kurt Sauer 38 0 3 0
2 Brian Rafalski Anton Stralman 34 1 2 2
3 Andy Sutton Jiri Fischer 27 2 3 0
4 Anton Stralman Denis Grebeshkov 1 1 1 3
PowerPlay Forward
Center Left Wing Right Wing Time % Phy DF OF
1 Tim Connolly Tyler Ennis Marian Gaborik 57 0 0 5
2 Frans Nielsen Erik Christensen Chris Stewart 43 0 0 5
PowerPlay Defense
Defense Defense Time % Phy DF OF
1 Denis Grebeshkov Anton Stralman 57 0 0 5
2 Brian Rafalski Sami Kapanen 43 0 0 5
Penalty Kill 4 Players Forward
Center Wing Time % Phy DF OF
1 Drew Miller Chad Larose 56 1 4 0
2 Boyd Devereaux Erik Cole 44 1 4 0
Penalty Kill 4 Players Defense
Defense Defense Time % Phy DF OF
1 Kurt Sauer Jiri Fischer 56 1 4 0
2 Andy Sutton Denis Grebeshkov 44 1 4 0
Penalty Kill - 3 Players Forward
Forward Time % Phy DF OF
1 Drew Miller 53 0 5 0
2 Chad Larose 47 0 5 0
Penalty Kill - 3 Players Defense
Defense Defense Time % Phy DF OF
1 Jiri Fischer Kurt Sauer 53 1 4 0
2 Andy Sutton Denis Grebeshkov 47 1 4 0
4 vs 4 Forward
Center Wing Time % Phy DF OF
1 Tim Connolly Marian Gaborik 52 0 1 4
2 Frans Nielsen Drew Miller 48 0 2 3
4 vs 4 Defense
Defense Defense Time % Phy DF OF
1 Kurt Sauer Brian Rafalski 52 1 2 2
2 Denis Grebeshkov Jiri Fischer 48 1 2 2
Last Minutes Offensive
Center Left Wing Right Wing Defense Defense
Tim Connolly Tyler Ennis Marian Gaborik Denis Grebeshkov Anton Stralman
Last Minutes Defensive
Center Left Wing Right Wing Defense Defense
Boyd Devereaux Drew Miller Chad Larose Kurt Sauer Jiri Fischer
Goaltenders
Starting : Ryan Miller
Backup : Marc Denis
Extra Forwards
Normal : Marian Gaborik, Tyler Ennis, Chris Stewart - PP : Marian Gaborik, Chris Stewart - PK : Drew Miller
Extra Defensemen
Normal : Denis Grebeshkov, Kurt Sauer, Anton Stralman - PP : Denis Grebeshkov - PK : Jiri Fischer, Kurt Sauer
Penalty Shots
Marian Gaborik, Tyler Ennis, Boyd Devereaux, Drew Miller, Tim Connolly
% Time on Ice - Stars
Lines # - Real PCT - Wanted PCT - Time Play
Normal Forward
1 - 30% - 40% - 13:37
2 - 32% - 30% - 14:41
3 - 26% - 20% - 11:53
4 - 13% - 10% - 5:56
Normal Defense
1 - 40% - 40% - 18:28
2 - 34% - 30% - 15:31
3 - 23% - 20% - 10:49
4 - 3% - 10% - 1:19
PP Forward
1 - 50% - 60% - 2:59
2 - 50% - 40% - 2:58
PP Defense
1 - 54% - 60% - 3:12
2 - 46% - 40% - 2:45
PK Forward
1 - 78% - 60% - 6:12
2 - 22% - 40% - 1:44
PK Defense
1 - 61% - 60% - 4:48
2 - 39% - 40% - 3:08
PK3 Forward
1 - 0% - 60%
2 - 0% - 40%
PK3 Defense
1 - 0% - 60%
2 - 0% - 40%
44 Forward
1 - 0% - 60%
2 - 0% - 40%
44 Defense
1 - 0% - 60%
2 - 0% - 40%
Last Minute Offensive - 0:00
Last Minute Defensive - 0:00
Total
Forward - 60:00
Defense - 60:00
|
% Time on Ice - Coyotes
Lines # - Real PCT - Wanted PCT - Time Play
Normal Forward
1 - 34% - 32% - 15:53
2 - 30% - 30% - 13:52
3 - 22% - 22% - 10:04
4 - 14% - 16% - 6:18
Normal Defense
1 - 40% - 38% - 18:14
2 - 34% - 34% - 15:40
3 - 25% - 27% - 11:40
4 - 1% - 1% - 0:33
PP Forward
1 - 56% - 57% - 4:27
2 - 44% - 43% - 3:29
PP Defense
1 - 54% - 57% - 4:16
2 - 46% - 43% - 3:40
PK Forward
1 - 60% - 56% - 3:35
2 - 40% - 44% - 2:22
PK Defense
1 - 62% - 56% - 3:40
2 - 38% - 44% - 2:17
PK3 Forward
1 - 0% - 53%
2 - 0% - 47%
PK3 Defense
1 - 0% - 53%
2 - 0% - 47%
44 Forward
1 - 0% - 52%
2 - 0% - 48%
44 Defense
1 - 0% - 52%
2 - 0% - 48%
Last Minute Offensive - 0:00
Last Minute Defensive - 0:00
Total
Forward - 60:00
Defense - 60:00
|
Play by Play
1st period
0:01 of 1st period - Henrik Sedin wins face-off versus Tim Connolly in neutral zone.
0:15 of 1st period - Snap shot by Tyler Ennis.
0:15 of 1st period - Stopped by Pascal Leclaire with a rebound.
1:35 of 1st period - Bryan Berard is hit by Tim Connolly and loses puck.
1:44 of 1st period - Slapshot by Marian Gaborik.
1:44 of 1st period - Deflect By Tyler Ennis.
1:44 of 1st period - Shot Blocked by Randy Jones.
1:44 of 1st period - Puck is out of play.
1:45 of 1st period - Tomas Plekanec wins face-off versus Frans Nielsen in Stars zone.
1:45 of 1st period - Tomas Plekanec is hit by Anton Stralman.
2:11 of 1st period - Brian Rafalski is hit by Brendan Bell and loses puck.
2:44 of 1st period - Snap shot by Sami Kapanen.
2:44 of 1st period - Goal by Sami Kapanen - Stars : 0 - Coyotes : 1.
2:45 of 1st period - Henrik Sedin wins face-off versus Frans Nielsen in neutral zone.
2:58 of 1st period - Slapshot by Chris Stewart.
2:58 of 1st period - Shot Misses the Net.
3:59 of 1st period - Icing by Alexei Morozov.
4:00 of 1st period - Henrik Sedin wins face-off versus Boyd Devereaux in Stars zone.
4:09 of 1st period - Snap shot by Henrik Sedin.
4:09 of 1st period - Shot Blocked by Brian Rafalski.
5:23 of 1st period - Minor Penalty to Erik Christensen for Interference.
5:24 of 1st period - Drew Miller wins face-off versus Henrik Sedin in Coyotes zone.
5:58 of 1st period - Kurt Sauer is hit by Milan Michalek and loses puck.
6:08 of 1st period - Off-side.
6:09 of 1st period - Drew Miller wins face-off versus Henrik Sedin in neutral zone.
6:39 of 1st period - Wrist shot by Henrik Sedin.
6:39 of 1st period - Shot Misses the Net.
7:23 of 1st period - Penalty to Erik Christensen is over, Erik Christensen is back on ice.
7:39 of 1st period - Snap shot by Marian Gaborik.
7:39 of 1st period - Goal by Marian Gaborik - Stars : 0 - Coyotes : 2.
7:40 of 1st period - Henrik Sedin wins face-off versus Drew Miller in neutral zone.
7:53 of 1st period - Snap shot by Alexei Morozov.
7:53 of 1st period - Shot Misses the Net.
8:15 of 1st period - Snap shot by Tomas Plekanec.
8:15 of 1st period - Shot Misses the Net.
8:47 of 1st period - Snap shot by Erik Cole.
8:47 of 1st period - Stopped by Pascal Leclaire with a rebound.
8:49 of 1st period - Slapshot by Kurt Sauer.
8:49 of 1st period - Shot Misses the Net.
8:51 of 1st period - Slapshot by Kurt Sauer.
8:51 of 1st period - Shot Blocked by Brendan Bell.
9:19 of 1st period - Off-side.
9:20 of 1st period - Éric Belanger wins face-off versus Tim Connolly in neutral zone.
9:31 of 1st period - Wrist shot by Tim Connolly.
9:31 of 1st period - Stopped by Pascal Leclaire with a rebound.
9:37 of 1st period - Snap shot by Tyler Ennis.
9:37 of 1st period - Shot Blocked by Pavel Kubina.
9:47 of 1st period - Drew Miller is hit by Tomas Plekanec and loses puck.
9:56 of 1st period - Slapshot by Anton Stralman.
9:56 of 1st period - Deflect By Frans Nielsen.
9:56 of 1st period - Goal by Frans Nielsen - Stars : 0 - Coyotes : 3.
9:57 of 1st period - Henrik Sedin wins face-off versus Frans Nielsen in neutral zone.
10:00 of 1st period - Snap shot by Pavel Kubina.
10:00 of 1st period - Stopped by Ryan Miller with a rebound.
10:09 of 1st period - Minor Penalty to Alexei Morozov for Hooking.
10:10 of 1st period - Henrik Sedin wins face-off versus Tim Connolly in Stars zone.
11:32 of 1st period - Frans Nielsen is hit by Daniel Sedin and loses puck.
12:09 of 1st period - Penalty to Alexei Morozov is over, Alexei Morozov is back on ice.
12:34 of 1st period - Brendan Bell is hit by Chad Larose and loses puck.
12:41 of 1st period - Chad Larose is hit by Evgeny Artyukhin and loses puck.
13:00 of 1st period - Andy Sutton is hit by Jan Hlavac and loses puck.
14:27 of 1st period - Pavel Kubina is hit by Drew Miller and loses puck.
15:50 of 1st period - Anton Stralman is hit by Milan Michalek.
16:12 of 1st period - Brian Rafalski is hit by Éric Belanger and loses puck.
16:47 of 1st period - Andy Sutton is hit by Brendan Bell and loses puck.
17:15 of 1st period - Minor Penalty to Alexei Morozov for Roughing.
17:16 of 1st period - Éric Belanger wins face-off versus Tim Connolly in Stars zone.
17:56 of 1st period - Snap shot by Chris Stewart.
17:56 of 1st period - Shot Blocked by Daniel Sedin.
17:58 of 1st period - Slapshot by Frans Nielsen.
17:58 of 1st period - Stopped by Pascal Leclaire with a rebound.
18:30 of 1st period - Chris Stewart is hit by Bryan Berard and loses puck.
18:59 of 1st period - Brian Rafalski is hit by Kurtis Foster and loses puck.
19:15 of 1st period - Penalty to Alexei Morozov is over, Alexei Morozov is back on ice.
19:22 of 1st period - Snap shot by Tomas Plekanec.
19:22 of 1st period - Shot Misses the Net.
19:27 of 1st period - Minor Penalty to Shane Doan for Hooking.
19:28 of 1st period - Henrik Sedin wins face-off versus Frans Nielsen in Stars zone.
Goals for this period are 0 for Stars vs 3 for Coyotes.
Shots for this period are 1 for Stars vs 7 for Coyotes.
2nd period
0:01 of 2nd period - Henrik Sedin wins face-off versus Tim Connolly in neutral zone.
0:04 of 2nd period - Slapshot by Henrik Sedin.
0:04 of 2nd period - Deflect By Tyler Ennis.
0:04 of 2nd period - Shot Misses the Net.
0:04 of 2nd period - Puck is out of play.
0:05 of 2nd period - Tim Connolly wins face-off versus Henrik Sedin in Coyotes zone.
0:14 of 2nd period - Slapshot by Anton Stralman.
0:14 of 2nd period - Deflect By Alexei Morozov.
0:14 of 2nd period - Stopped by Pascal Leclaire with a rebound.
0:34 of 2nd period - Slapshot by Marian Gaborik.
0:34 of 2nd period - Deflect By Tim Connolly.
0:34 of 2nd period - Stopped by Pascal Leclaire without a rebound.
0:35 of 2nd period - Henrik Sedin wins face-off versus Frans Nielsen in Stars zone.
1:27 of 2nd period - Penalty to Shane Doan is over, Shane Doan is back on ice.
1:41 of 2nd period - Wrist shot by Tomas Plekanec.
1:41 of 2nd period - Shot Misses the Net.
1:53 of 2nd period - Wrist shot by Frans Nielsen.
1:53 of 2nd period - Shot Misses the Net.
2:17 of 2nd period - Snap shot by Evgeny Artyukhin.
2:17 of 2nd period - Shot Misses the Net.
2:19 of 2nd period - Snap shot by Sean Avery.
2:19 of 2nd period - Stopped by Ryan Miller without a rebound.
2:20 of 2nd period - John Tavares wins face-off versus Boyd Devereaux in Coyotes zone.
2:21 of 2nd period - Snap shot by Evgeny Artyukhin.
2:21 of 2nd period - Deflect By John Tavares.
2:21 of 2nd period - Stopped by Ryan Miller without a rebound.
2:22 of 2nd period - John Tavares wins face-off versus Erik Cole in Coyotes zone.
2:29 of 2nd period - Slapshot by Evgeny Artyukhin.
2:29 of 2nd period - Stopped by Ryan Miller without a rebound.
2:30 of 2nd period - Boyd Devereaux wins face-off versus Henrik Sedin in Coyotes zone.
2:37 of 2nd period - Bryan Berard is hit by Chad Larose and loses puck.
2:54 of 2nd period - Snap shot by Boyd Devereaux.
2:54 of 2nd period - Stopped by Pascal Leclaire with a rebound.
3:23 of 2nd period - Snap shot by Erik Cole.
3:23 of 2nd period - Stopped by Pascal Leclaire without a rebound.
3:24 of 2nd period - Tomas Plekanec wins face-off versus Frans Nielsen in Stars zone.
3:37 of 2nd period - Drew Miller is hit by Shane Doan and loses puck.
3:52 of 2nd period - Slapshot by Brian Rafalski.
3:52 of 2nd period - Deflect By Tim Connolly.
3:52 of 2nd period - Stopped by Pascal Leclaire without a rebound.
3:53 of 2nd period - Tim Connolly wins face-off versus John Tavares in Stars zone.
5:34 of 2nd period - Snap shot by Tyler Ennis.
5:34 of 2nd period - Stopped by Pascal Leclaire without a rebound.
5:35 of 2nd period - Henrik Sedin wins face-off versus Frans Nielsen in Stars zone.
6:01 of 2nd period - Shane Doan is hit by Shawn Thornton and loses puck.
6:06 of 2nd period - Wrist shot by Sami Kapanen.
6:06 of 2nd period - Stopped by Pascal Leclaire without a rebound.
6:07 of 2nd period - Alexei Morozov wins face-off versus Shawn Thornton in Stars zone.
6:31 of 2nd period - Shawn Thornton is hit by Shane Doan and loses puck.
6:46 of 2nd period - Jan Hlavac is hit by Sami Kapanen and loses puck.
8:59 of 2nd period - Icing by Filip Novak.
9:00 of 2nd period - Frans Nielsen wins face-off versus John Tavares in Stars zone.
9:22 of 2nd period - Snap shot by Shane Doan.
9:22 of 2nd period - Stopped by Ryan Miller without a rebound.
9:23 of 2nd period - Tomas Plekanec wins face-off versus Tim Connolly in Coyotes zone.
9:32 of 2nd period - Pavel Kubina is hit by Denis Grebeshkov and loses puck.
9:43 of 2nd period - Snap shot by Marian Gaborik.
9:43 of 2nd period - Shot Misses the Net.
9:45 of 2nd period - Wrist shot by Tyler Ennis.
9:45 of 2nd period - Shot Blocked by Pavel Kubina.
10:09 of 2nd period - Kurtis Foster is hit by Tyler Ennis and loses puck.
10:16 of 2nd period - Slapshot by Marian Gaborik.
10:16 of 2nd period - Shot Misses the Net.
10:24 of 2nd period - Snap shot by Marian Gaborik.
10:24 of 2nd period - Goal by Marian Gaborik - Stars : 0 - Coyotes : 4.
10:24 of 2nd period - Patrick Lalime enters game.
10:25 of 2nd period - Henrik Sedin wins face-off versus Frans Nielsen in neutral zone.
10:30 of 2nd period - Wrist shot by Henrik Sedin.
10:30 of 2nd period - Stopped by Ryan Miller with a rebound.
10:32 of 2nd period - Wrist shot by Alexei Morozov.
10:32 of 2nd period - Shot Blocked by Chris Stewart.
10:34 of 2nd period - Slapshot by Bryan Berard.
10:34 of 2nd period - Deflect By Frans Nielsen.
10:34 of 2nd period - Stopped by Ryan Miller with a rebound.
10:36 of 2nd period - Slapshot by Bryan Berard.
10:36 of 2nd period - Shot Misses the Net.
10:38 of 2nd period - Snap shot by Daniel Sedin.
10:38 of 2nd period - Deflect By Alexei Morozov.
10:38 of 2nd period - Shot Blocked by Drew Miller.
10:38 of 2nd period - Puck is out of play.
10:39 of 2nd period - Frans Nielsen wins face-off versus Henrik Sedin in Coyotes zone.
11:29 of 2nd period - Backhand shot by Brian Rafalski.
11:29 of 2nd period - Shot Blocked by Milan Michalek.
11:31 of 2nd period - Slapshot by Brian Rafalski.
11:31 of 2nd period - Stopped by Patrick Lalime with a rebound.
11:33 of 2nd period - Slapshot by Anton Stralman.
11:33 of 2nd period - Stopped by Patrick Lalime with a rebound.
11:35 of 2nd period - Slapshot by Brian Rafalski.
11:35 of 2nd period - Shot Blocked by Randy Jones.
11:53 of 2nd period - Slapshot by Bryan Berard.
11:53 of 2nd period - Stopped by Ryan Miller without a rebound.
11:54 of 2nd period - Henrik Sedin wins face-off versus Frans Nielsen in Coyotes zone.
12:03 of 2nd period - Snap shot by Daniel Sedin.
12:03 of 2nd period - Stopped by Ryan Miller with a rebound.
12:05 of 2nd period - Slapshot by Kurtis Foster.
12:05 of 2nd period - Stopped by Ryan Miller without a rebound.
12:06 of 2nd period - Frans Nielsen wins face-off versus Henrik Sedin in Coyotes zone.
12:31 of 2nd period - Kurt Sauer is hit by Tomas Plekanec and loses puck.
12:36 of 2nd period - Snap shot by Milan Michalek.
12:36 of 2nd period - Stopped by Ryan Miller with a rebound.
12:38 of 2nd period - Snap shot by Milan Michalek.
12:38 of 2nd period - Deflect By Marian Gaborik.
12:38 of 2nd period - Shot Misses the Net.
12:38 of 2nd period - Puck is out of play.
12:39 of 2nd period - Tim Connolly wins face-off versus Daniel Sedin in Coyotes zone.
12:39 of 2nd period - Tim Connolly is hit by Henrik Sedin.
13:35 of 2nd period - Snap shot by John Tavares.
13:35 of 2nd period - Stopped by Ryan Miller without a rebound.
13:36 of 2nd period - Tim Connolly wins face-off versus Henrik Sedin in Coyotes zone.
13:43 of 2nd period - Snap shot by Alexei Morozov.
13:43 of 2nd period - Stopped by Ryan Miller with a rebound.
13:45 of 2nd period - Slapshot by Pavel Kubina.
13:45 of 2nd period - Stopped by Ryan Miller with a rebound.
13:47 of 2nd period - Wrist shot by Alexei Morozov.
13:47 of 2nd period - Deflect By Daniel Sedin.
13:47 of 2nd period - Shot Blocked by Denis Grebeshkov.
13:47 of 2nd period - Puck is out of play.
13:48 of 2nd period - Alexei Morozov wins face-off versus Frans Nielsen in Coyotes zone.
13:54 of 2nd period - Off-side.
13:55 of 2nd period - Alexei Morozov wins face-off versus Chris Stewart in neutral zone.
14:45 of 2nd period - Off-side.
14:46 of 2nd period - John Tavares wins face-off versus Boyd Devereaux in neutral zone.
14:46 of 2nd period - John Tavares is hit by Boyd Devereaux.
15:17 of 2nd period - Off-side.
15:18 of 2nd period - Frans Nielsen wins face-off versus Henrik Sedin in neutral zone.
15:45 of 2nd period - Brendan Bell is hit by Kurt Sauer and loses puck.
15:52 of 2nd period - Denis Grebeshkov is hit by Kurtis Foster.
16:04 of 2nd period - Slapshot by Pavel Kubina.
16:04 of 2nd period - Deflect By Denis Grebeshkov.
16:04 of 2nd period - Stopped by Ryan Miller without a rebound.
16:05 of 2nd period - Henrik Sedin wins face-off versus Erik Christensen in Coyotes zone.
16:14 of 2nd period - Snap shot by Éric Belanger.
16:14 of 2nd period - Stopped by Ryan Miller without a rebound.
16:15 of 2nd period - Frans Nielsen wins face-off versus Daniel Sedin in Coyotes zone.
16:25 of 2nd period - Daniel Sedin is hit by Drew Miller and loses puck.
16:32 of 2nd period - Slapshot by Chris Stewart.
16:32 of 2nd period - Shot Blocked by Daniel Sedin.
16:48 of 2nd period - Slapshot by Sami Kapanen.
16:48 of 2nd period - Shot Misses the Net.
16:50 of 2nd period - Slapshot by Denis Grebeshkov.
16:50 of 2nd period - Stopped by Patrick Lalime without a rebound.
16:51 of 2nd period - Tim Connolly wins face-off versus Tomas Plekanec in Stars zone.
16:52 of 2nd period - Snap shot by Tyler Ennis.
16:52 of 2nd period - Stopped by Patrick Lalime without a rebound.
16:53 of 2nd period - Tim Connolly wins face-off versus Tomas Plekanec in Stars zone.
16:54 of 2nd period - Wrist shot by Marian Gaborik.
16:54 of 2nd period - Shot Misses the Net.
16:56 of 2nd period - Slapshot by Brian Rafalski.
16:56 of 2nd period - Deflect By Milan Michalek.
16:56 of 2nd period - Stopped by Patrick Lalime with a rebound.
16:57 of 2nd period - Randy Jones beats up Brian Rafalski.
16:57 of 2nd period - Penalty to Brian Rafalski for Fighting.
16:57 of 2nd period - Penalty to Randy Jones for Fighting.
16:57 of 2nd period - Penalty to Brian Rafalski for instigated a fight.
16:57 of 2nd period - Penalty to Brian Rafalski for instigated a fight.
16:58 of 2nd period - Drew Miller wins face-off versus Henrik Sedin in Stars zone.
18:57 of 2nd period - Penalty to Brian Rafalski is over, Chris Stewart is send on ice.
19:27 of 2nd period - Éric Belanger is hit by Anton Stralman and loses puck.
19:32 of 2nd period - Snap shot by Erik Christensen.
19:32 of 2nd period - Stopped by Patrick Lalime without a rebound.
19:33 of 2nd period - Sami Kapanen wins face-off versus John Tavares in Stars zone.
19:36 of 2nd period - Snap shot by Sami Kapanen.
19:36 of 2nd period - Shot Misses the Net.
Goals for this period are 0 for Stars vs 1 for Coyotes.
Shots for this period are 15 for Stars vs 14 for Coyotes.
3rd period
0:01 of 3rd period - Frans Nielsen wins face-off versus Henrik Sedin in neutral zone.
0:08 of 3rd period - Daniel Sedin is hit by Denis Grebeshkov.
0:12 of 3rd period - Snap shot by Alexei Morozov.
0:12 of 3rd period - Shot Misses the Net.
0:41 of 3rd period - Snap shot by Tim Connolly.
0:41 of 3rd period - Shot Misses the Net.
0:51 of 3rd period - Chad Larose is hit by Evgeny Artyukhin.
1:13 of 3rd period - Snap shot by Éric Belanger.
1:13 of 3rd period - Shot Blocked by Erik Cole.
1:15 of 3rd period - Slapshot by Kurtis Foster.
1:15 of 3rd period - Shot Misses the Net.
1:17 of 3rd period - Snap shot by Jan Hlavac.
1:17 of 3rd period - Shot Misses the Net.
1:41 of 3rd period - Wrist shot by Erik Cole.
1:41 of 3rd period - Stopped by Patrick Lalime with a rebound.
1:43 of 3rd period - Slapshot by Chad Larose.
1:43 of 3rd period - Shot Blocked by Bryan Berard.
1:57 of 3rd period - Wrist shot by Shane Doan.
1:57 of 3rd period - Shot Blocked by Boyd Devereaux.
2:13 of 3rd period - Wrist shot by Boyd Devereaux.
2:13 of 3rd period - Stopped by Patrick Lalime with a rebound.
2:15 of 3rd period - Wrist shot by Chad Larose.
2:15 of 3rd period - Stopped by Patrick Lalime without a rebound.
2:16 of 3rd period - Frans Nielsen wins face-off versus Henrik Sedin in Stars zone.
2:48 of 3rd period - Denis Grebeshkov is hit by Evgeny Artyukhin and loses puck.
2:55 of 3rd period - Snap shot by John Tavares.
2:55 of 3rd period - Stopped by Ryan Miller without a rebound.
2:56 of 3rd period - Henrik Sedin wins face-off versus Frans Nielsen in Coyotes zone.
2:57 of 3rd period - Wrist shot by Alexei Morozov.
2:57 of 3rd period - Shot Misses the Net.
2:59 of 3rd period - Snap shot by Brendan Bell.
2:59 of 3rd period - Stopped by Ryan Miller with a rebound.
3:01 of 3rd period - Slapshot by Henrik Sedin.
3:01 of 3rd period - Shot Misses the Net.
4:09 of 3rd period - Milan Michalek is hit by Denis Grebeshkov and loses puck.
4:31 of 3rd period - Wrist shot by Tomas Plekanec.
4:31 of 3rd period - Stopped by Ryan Miller without a rebound.
4:32 of 3rd period - Henrik Sedin wins face-off versus Erik Christensen in Coyotes zone.
4:37 of 3rd period - Wrist shot by Alexei Morozov.
4:37 of 3rd period - Shot Misses the Net.
4:39 of 3rd period - Wrist shot by Daniel Sedin.
4:39 of 3rd period - Deflect By Sami Kapanen.
4:39 of 3rd period - Stopped by Ryan Miller without a rebound.
4:40 of 3rd period - Henrik Sedin wins face-off versus Frans Nielsen in Coyotes zone.
4:47 of 3rd period - Randy Jones is hit by Anton Stralman and loses puck.
5:06 of 3rd period - Anton Stralman is hit by John Tavares and loses puck.
5:33 of 3rd period - Slapshot by Erik Cole.
5:33 of 3rd period - Shot Misses the Net.
6:24 of 3rd period - Icing by Filip Novak.
6:25 of 3rd period - John Tavares wins face-off versus Tim Connolly in Stars zone.
6:51 of 3rd period - Snap shot by Shane Doan.
6:51 of 3rd period - Shot Blocked by Jiri Fischer.
6:53 of 3rd period - Snap shot by Tomas Plekanec.
6:53 of 3rd period - Deflect By Shane Doan.
6:53 of 3rd period - Stopped by Ryan Miller without a rebound.
6:54 of 3rd period - Frans Nielsen wins face-off versus Shane Doan in Coyotes zone.
6:57 of 3rd period - 10 Minutes Game Misconduct Penalty to Brian Rafalski is over.
8:34 of 3rd period - Snap shot by Erik Cole.
8:34 of 3rd period - Goal by Erik Cole - Stars : 0 - Coyotes : 5.
8:35 of 3rd period - Marian Gaborik wins face-off versus Henrik Sedin in neutral zone.
8:38 of 3rd period - Snap shot by Tim Connolly.
8:38 of 3rd period - Shot Misses the Net.
8:48 of 3rd period - Wrist shot by Alexei Morozov.
8:48 of 3rd period - Stopped by Ryan Miller without a rebound.
8:49 of 3rd period - Henrik Sedin wins face-off versus Boyd Devereaux in Coyotes zone.
8:55 of 3rd period - Minor Penalty to Erik Cole for Tripping.
8:56 of 3rd period - Drew Miller wins face-off versus Henrik Sedin in Coyotes zone.
10:22 of 3rd period - Bryan Berard is hit by Erik Christensen and loses puck.
10:55 of 3rd period - Penalty to Erik Cole is over, Erik Cole is back on ice.
11:29 of 3rd period - Snap shot by Marian Gaborik.
11:29 of 3rd period - Stopped by Patrick Lalime with a rebound.
11:31 of 3rd period - Backhand shot by Jiri Fischer.
11:31 of 3rd period - Shot Hit the Post.
11:33 of 3rd period - Snap shot by Tyler Ennis.
11:33 of 3rd period - Shot Misses the Net.
11:39 of 3rd period - Minor Penalty to Jan Hlavac for Hooking.
11:40 of 3rd period - Tim Connolly wins face-off versus Henrik Sedin in Stars zone.
11:41 of 3rd period - Snap shot by Marian Gaborik.
11:41 of 3rd period - Shot Blocked by Kurtis Foster.
11:49 of 3rd period - Wrist shot by Tyler Ennis.
11:49 of 3rd period - Shot Misses the Net.
13:39 of 3rd period - Penalty to Jan Hlavac is over, Jan Hlavac is back on ice.
13:50 of 3rd period - Snap shot by Chad Larose.
13:50 of 3rd period - Shot Misses the Net.
14:26 of 3rd period - Snap shot by John Tavares.
14:26 of 3rd period - Stopped by Ryan Miller without a rebound.
14:27 of 3rd period - Erik Christensen wins face-off versus John Tavares in Coyotes zone.
14:27 of 3rd period - Erik Christensen is hit by Sean Avery.
14:46 of 3rd period - Icing by Kurt Sauer.
14:47 of 3rd period - Tomas Plekanec wins face-off versus Tim Connolly in Coyotes zone.
14:50 of 3rd period - Snap shot by Shane Doan.
14:50 of 3rd period - Shot Blocked by Denis Grebeshkov.
14:52 of 3rd period - Snap shot by Pavel Kubina.
14:52 of 3rd period - Shot Misses the Net.
14:54 of 3rd period - Slapshot by Milan Michalek.
14:54 of 3rd period - Stopped by Ryan Miller without a rebound.
14:55 of 3rd period - Frans Nielsen wins face-off versus Tomas Plekanec in Coyotes zone.
15:08 of 3rd period - Snap shot by Shane Doan.
15:08 of 3rd period - Shot Misses the Net.
15:10 of 3rd period - Wrist shot by Shane Doan.
15:10 of 3rd period - Stopped by Ryan Miller with a rebound.
15:22 of 3rd period - Kurtis Foster is hit by Andy Sutton and loses puck.
15:33 of 3rd period - Wrist shot by Tim Connolly.
15:33 of 3rd period - Shot Misses the Net.
16:09 of 3rd period - Randy Jones is hit by Denis Grebeshkov and loses puck.
16:14 of 3rd period - Snap shot by Sami Kapanen.
16:14 of 3rd period - Stopped by Patrick Lalime with a rebound.
16:27 of 3rd period - Off-side.
16:28 of 3rd period - Frans Nielsen wins face-off versus Éric Belanger in neutral zone.
16:31 of 3rd period - Brendan Bell is hit by Drew Miller and loses puck.
16:54 of 3rd period - Snap shot by Tomas Plekanec.
16:54 of 3rd period - Shot Blocked by Anton Stralman.
17:22 of 3rd period - Andy Sutton is hit by Sean Avery and loses puck.
17:35 of 3rd period - Slapshot by Jiri Fischer.
17:35 of 3rd period - Shot Misses the Net.
18:17 of 3rd period - Snap shot by Frans Nielsen.
18:17 of 3rd period - Deflect By Chris Stewart.
18:17 of 3rd period - Shot Misses the Net.
18:17 of 3rd period - Puck is out of play.
18:18 of 3rd period - Tomas Plekanec wins face-off versus Chris Stewart in Stars zone.
18:35 of 3rd period - Slapshot by Andy Sutton.
18:35 of 3rd period - Deflect By Shane Doan.
18:35 of 3rd period - Stopped by Patrick Lalime without a rebound.
18:36 of 3rd period - Boyd Devereaux wins face-off versus Henrik Sedin in Stars zone.
18:37 of 3rd period - Wrist shot by Erik Cole.
18:37 of 3rd period - Stopped by Patrick Lalime with a rebound.
18:39 of 3rd period - Snap shot by Kurt Sauer.
18:39 of 3rd period - Deflect By Erik Cole.
18:39 of 3rd period - Shot Blocked by Bryan Berard.
18:39 of 3rd period - Puck is out of play.
18:40 of 3rd period - Henrik Sedin wins face-off versus Boyd Devereaux in Stars zone.
18:40 of 3rd period - Henrik Sedin is hit by Erik Cole.
18:45 of 3rd period - Off-side.
18:46 of 3rd period - Boyd Devereaux wins face-off versus Henrik Sedin in neutral zone.
18:53 of 3rd period - Backhand shot by Erik Cole.
18:53 of 3rd period - Shot Misses the Net.
18:55 of 3rd period - Slapshot by Denis Grebeshkov.
18:55 of 3rd period - Stopped by Patrick Lalime with a rebound.
19:07 of 3rd period - Snap shot by Chad Larose.
19:07 of 3rd period - Shot Misses the Net.
19:09 of 3rd period - Snap shot by Denis Grebeshkov.
19:09 of 3rd period - Stopped by Patrick Lalime without a rebound.
19:10 of 3rd period - Frans Nielsen wins face-off versus Tomas Plekanec in Stars zone.
19:23 of 3rd period - Snap shot by Drew Miller.
19:23 of 3rd period - Shot Misses the Net.
19:37 of 3rd period - Andy Sutton is hit by Daniel Sedin and loses puck.
19:46 of 3rd period - Slapshot by Daniel Sedin.
19:46 of 3rd period - Stopped by Ryan Miller with a rebound.
19:48 of 3rd period - Slapshot by Bryan Berard.
19:48 of 3rd period - Stopped by Ryan Miller without a rebound.
19:49 of 3rd period - Frans Nielsen wins face-off versus Henrik Sedin in Coyotes zone.
Goals for this period are 0 for Stars vs 1 for Coyotes.
Shots for this period are 11 for Stars vs 10 for Coyotes.
Output by the SimonT Hockey Simulator (STHS) for François Prévost -- Original Page W3C XHTML 1.0 Valid